 Dungeon Crawl Stone Soup version 0.31-a0-180-g519b7de00c (webtiles) character file.

Game seed: 14443574298998332246

271 qw the Shooter (level 6, -3/57 HPs)
             Began as a Naga Hunter on June 19, 2023.
             Slain by an iguana (4 damage)
             ... on level 4 of the Dungeon.
             The game lasted 00:01:02 (2480 turns).

qw the Shooter (Naga Hunter)                        Turns: 2480, Time: 00:01:03

Health: -3/57      AC:  3    Str: 13    XL:     6   Next: 23%
Magic:  6/6        EV:  9    Int: 10    God:
Gold:   167        SH:  0    Dex: 16    Spells: 5/5 levels left

rFire   . . .        Y - +0 shortbow
rCold   . . .        (shield currently unavailable)
rNeg    + . .        c - +0 leather armour
rPois   +            (no helmet)
rElec   .            (no cloak)
rCorr   .            (no gloves)
SInv    +            (no barding)
Will    +....        (no amulet)
Stlth   ++           f - ring of positive energy
HPRegen 0.29/turn    e - ring of willpower
MPRegen 0.10/turn

%: no passive effects
@: about to teleport, very slow
A: AC +2, large, see invisible, deformed body, poison resistance, slowness 2,
spit poison 1, naga tail 1
a: Spit Poison


You were on level 4 of the Dungeon.
You visited 1 branch of the dungeon, and saw 4 of its levels.

You collected 167 gold pieces.


Innate Abilities, Weirdness & Mutations

Your serpentine skin is tough. (AC +2)
You have supernaturally acute eyesight. (SInv)
Armour fits poorly on your strangely shaped body.
Your system is resistant to poisons. (rPois)
You cover ground very slowly.
You can spit poison.
You have a snake-like lower body.


   Skills:
 - Level 3.7 Fighting
 + Level 5.9 Ranged Weapons
 - Level 1.5 Dodging
 - Level 1.5 Stealth


You had 5 spell levels left.
You didn't know any spells.
Your spell library was empty.

Inventory:

Hand Weapons
 Y - a +0 shortbow (weapon)
Armour
 c - a +0 leather armour (worn)
Jewellery
 e - a ring of willpower (right hand)
 f - a ring of positive energy (left hand)
Scrolls
 b - 2 scrolls of identify
Potions
 d - 2 potions of curing
 g - a potion of heal wounds
 h - 2 potions of mutation

Dungeon Overview and Level Annotations

Branches:
Dungeon (4/15)
 Temple: D:4-7

Altars:
Fedhas
Kikubaaqudgha


Message History

The splash of poison hits the iguana.
The iguana is poisoned.
The iguana is lightly wounded.
The phantom completely misses you.
You shoot an arrow. The arrow hits the phantom.
The phantom is almost destroyed.
The phantom hits you.
The phantom blinks!
You blink.
You shoot an arrow.
The arrow hits the phantom but does no damage.
The phantom is almost destroyed.
The phantom hits you.
You shoot an arrow.
The arrow hits the phantom but does no damage.
The phantom is almost destroyed.
You have got your breath back.
The phantom closely misses you.
2476 ||| INVOKING Spit Poison.
Aiming: Spit Poison (1% risk of failure)
Press: ? - help, Shift-Dir - straight line, f - iguana, p - phantom The splash of poison hits the iguana!
The iguana is almost dead.
The iguana looks more healthy.
The phantom hits you.
You shoot an arrow.
The arrow hits the iguana but does no damage.
The iguana is almost dead.
The iguana bites you. The phantom hits you.
The phantom blinks!
You blink.
You shoot an arrow. The arrow closely misses the phantom.
The phantom hits you but does no damage.
You shoot an arrow.
The arrow hits the phantom but does no damage.
The phantom is almost destroyed.
The iguana bites you!
The phantom hits you but does no damage.
The iguana bites you!
The phantom hits you but does no damage.
2480 ||| READING scroll of teleportation.
As you read the scroll of teleportation, it crumbles to dust.
You feel strangely unstable.
You have got your breath back.
The iguana bites you.
You die...

#..........#.###....(.
##.#######............
...## #.....<..#.####
....###.######.#.#
.......#.# #.#.#
....###.## ##.#.#
...## #######....#####
##.# #.............#
#.# .####..l@###.# #.#
##.#W# .# ... .......
.# #. #######.#.# .#.#
#K# [#


You could see a phantom and an iguana.

Vanquished Creatures
  A centaur (D:3)
  A sleepcap (D:3)
  Ijyb (D:3)
  Terence (D:3)
  4 gnolls
  An adder (D:3)
  3 worms
  A dart slug (D:3)
  An orc (D:3)
  8 bats
  6 endoplasms
  2 giant cockroaches (D:2)
  4 goblins
  5 hobgoblins
  5 kobolds
  5 quokkas
  5 ball pythons
  2 frilled lizards (D:1)
  8 rats
64 creatures vanquished.

Notes
Turn   | Place    | Note
-------+----------+-------------------------------------------
     0 | D:1      | qw the Naga Hunter began the quest for the Orb.
     0 | D:1      | Reached XP level 1. HP: 19/19 MP: 1/1
     0 | D:1      | 0 ||| qw: Version: 0.3-a-7-ge0c9b40
     0 | D:1      | 0 ||| qw: Game counter: 1056
     0 | D:1      | 0 ||| qw: Always use a shield: true
     0 | D:1      | 0 ||| qw: God list: Okawaru
     0 | D:1      | 0 ||| qw: Allow faded altars: false
     0 | D:1      | 0 ||| qw: Do Orc after D:15 true
     0 | D:1      | 0 ||| qw: Do second Lair branch before Depths: true
     0 | D:1      | 0 ||| qw: Lair rune preference: random
     0 | D:1      | 0 ||| qw: Plans: Normal
     0 | D:1      | 0 ||| PLANNING D:1-11
    10 | D:1      | 10 ||| INVOKING Spit Poison.
    11 | D:1      | 11 ||| INVOKING Spit Poison.
    30 | D:1      | 30 ||| INVOKING Spit Poison.
    38 | D:1      | 38 ||| INVOKING Spit Poison.
    45 | D:1      | 45 ||| INVOKING Spit Poison.
    62 | D:1      | 62 ||| INVOKING Spit Poison.
    65 | D:1      | Reached skill level 4 in Ranged Weapons
    65 | D:1      | Reached XP level 2. HP: 26/26 MP: 2/2
    73 | D:1      | 73 ||| INVOKING Spit Poison.
   131 | D:1      | 131 ||| INVOKING Spit Poison.
   139 | D:1      | 139 ||| INVOKING Spit Poison.
   193 | D:1      | 193 ||| INVOKING Spit Poison.
   205 | D:1      | 205 ||| INVOKING Spit Poison.
   206 | D:1      | 206 ||| INVOKING Spit Poison.
   215 | D:1      | 215 ||| INVOKING Spit Poison.
   219 | D:1      | Reached XP level 3. HP: 27/32 MP: 3/3
   219 | D:1      | 219 ||| INVOKING Spit Poison.
   249 | D:1      | 249 ||| INVOKING Spit Poison.
   252 | D:1      | Found a faded altar of an unknown god.
   284 | D:1      | 284 ||| INVOKING Spit Poison.
   390 | D:1      | 390 ||| INVOKING Spit Poison.
   434 | D:1      | 434 ||| UPGRADING to ring of positive energy.
   435 | D:1      | 435 ||| READING 2 scrolls labelled FAPLO KACUTZ.
   438 | D:1      | 438 ||| DRINKING 2 clear potions.
   439 | D:1      | 439 ||| DRINKING 2 fizzy green potions.
   440 | D:1      | 440 ||| DROPPING scroll of butterflies.
   524 | D:2      | 524 ||| INVOKING Spit Poison.
   581 | D:2      | 581 ||| INVOKING Spit Poison.
   643 | D:2      | 643 ||| INVOKING Spit Poison.
   701 | D:2      | 701 ||| INVOKING Spit Poison.
   704 | D:2      | 704 ||| INVOKING Spit Poison.
   853 | D:2      | 853 ||| INVOKING Spit Poison.
   867 | D:2      | 867 ||| INVOKING Spit Poison.
   896 | D:2      | 896 ||| INVOKING Spit Poison.
   946 | D:2      | 946 ||| INVOKING Spit Poison.
  1117 | D:2      | 1117 ||| INVOKING Spit Poison.
  1162 | D:2      | Reached skill level 5 in Ranged Weapons
  1177 | D:2      | Reached XP level 4. HP: 39/39 MP: 4/4
  1318 | D:2      | 1318 ||| UPGRADING to ring of willpower.
  1319 | D:2      | 1319 ||| READING scroll labelled IVUR NEXZECO.
  1320 | D:2      | 1320 ||| READING 3 scrolls labelled ICONENUFOU.
  1321 | D:2      | 1321 ||| DROPPING 2 scrolls of noise.
  1352 | D:3      | 1352 ||| INVOKING Spit Poison.
  1354 | D:3      | Found a blossoming altar of Fedhas.
  1356 | D:3      | Found an ancient bone altar of Kikubaaqudgha.
  1357 | D:3      | 1357 ||| INVOKING Spit Poison.
  1408 | D:3      | 1408 ||| INVOKING Spit Poison.
  1410 | D:3      | Noticed a centaur
  1412 | D:3      | 1412 ||| INVOKING Spit Poison.
  1415 | D:3      | Killed a centaur
  1416 | D:3      | Reached skill level 3 in Fighting
  1416 | D:3      | Reached XP level 5. HP: 33/50 MP: 5/5
  1425 | D:3      | 1425 ||| FLEEEEING.
  1432 | D:3      | 1432 ||| STAIRDANCE
  1473 | D:2      | 1473 ||| READING 3 scrolls labelled LETUAP OVEJOAN.
  1474 | D:2      | 1474 ||| READING 2 scrolls of identify.
  1474 | D:2      | 1474 ||| IDENTIFYING metallic golden potion
  1530 | D:3      | 1530 ||| INVOKING Spit Poison.
  1551 | D:3      | 1551 ||| INVOKING Spit Poison.
  1662 | D:3      | 1662 ||| INVOKING Spit Poison.
  1668 | D:3      | 1668 ||| INVOKING Spit Poison.
  1681 | D:3      | 1681 ||| INVOKING Spit Poison.
  1685 | D:3      | 1685 ||| INVOKING Spit Poison.
  1690 | D:3      | 1690 ||| INVOKING Spit Poison.
  1694 | D:3      | 1694 ||| INVOKING Spit Poison.
  1695 | D:3      | Noticed Terence
  1697 | D:3      | 1697 ||| INVOKING Spit Poison.
  1703 | D:3      | 1703 ||| INVOKING Spit Poison.
  1709 | D:3      | 1709 ||| INVOKING Spit Poison.
  1713 | D:3      | 1713 ||| INVOKING Spit Poison.
  1716 | D:3      | Killed Terence
  1832 | D:3      | 1832 ||| INVOKING Spit Poison.
  1844 | D:3      | 1844 ||| INVOKING Spit Poison.
  1948 | D:3      | 1948 ||| INVOKING Spit Poison.
  1964 | D:3      | Noticed Ijyb
  1966 | D:3      | 1966 ||| INVOKING Spit Poison.
  1972 | D:3      | 1972 ||| INVOKING Spit Poison.
  1975 | D:3      | Killed Ijyb
  1976 | D:3      | Reached XP level 6. HP: 36/57 MP: 6/6
  1976 | D:3      | 1976 ||| FLEEEEING.
  1977 | D:3      | 1977 ||| FLEEEEING.
  1982 | D:3      | 1982 ||| FLEEEEING.
  1998 | D:3      | 1998 ||| FLEEEEING.
  1999 | D:3      | 1999 ||| FLEEEEING.
  2000 | D:3      | 2000 ||| FLEEEEING.
  2001 | D:3      | 2001 ||| FLEEEEING.
  2002 | D:3      | 2002 ||| FLEEEEING.
  2003 | D:3      | 2003 ||| FLEEEEING.
  2004 | D:3      | 2004 ||| FLEEEEING.
  2005 | D:3      | 2005 ||| FLEEEEING.
  2006 | D:3      | 2006 ||| FLEEEEING.
  2009 | D:3      | 2009 ||| FLEEEEING.
  2010 | D:3      | 2010 ||| FLEEEEING.
  2011 | D:3      | 2011 ||| FLEEEEING.
  2015 | D:3      | 2015 ||| INVOKING Spit Poison.
  2258 | D:3      | 2258 ||| READING scroll labelled HOBIOT BONAOWO.
  2259 | D:3      | 2259 ||| READING 2 scrolls labelled ZYFU HEEFASSY.
  2260 | D:3      | 2260 ||| DROPPING scroll of revelation.
  2311 | D:4      | 2311 ||| INVOKING Spit Poison.
  2312 | D:4      | 2312 ||| INVOKING Spit Poison.
  2318 | D:4      | 2318 ||| STAIRDANCE
  2472 | D:4      | 2472 ||| INVOKING Spit Poison.
  2476 | D:4      | 2476 ||| INVOKING Spit Poison.
  2479 | D:4      | HP: 14/57 [iguana (14)]
  2479 | D:4      | HP: 1/57 [iguana (13)]
  2480 | D:4      | 2480 ||| READING scroll of teleportation.
  2480 | D:4      | Slain by an iguana

Levels and vault maps discovered:
D:1:      dpeg_arrival_pond, layout_rooms, hellmonk_ecumenical_altar_lost_god
D:2:      layout_loops_corners
D:3:      layout_loops_ring, grunt_temple_overflow_growth_and_decay,
          chequers_serial_rivers_small_3, minmay_ruptured,
          uniq_crazy_yiuf_cottage, uniq_terence, uniq_ijyb
D:4:      minmay_evil_eye, layout_loops_ring, general_overflow_altar,
          minmay_misc_feat_plants

Skill      XL: |  1  2  3  4 |
---------------+-------------+-----
Ranged Weapons | 4 5 |  5.9
Fighting       | 3 |  3.7
Dodging        | |  1.5
Stealth        | |  1.5

Action                     |  1- 3 |  4- 6 || total
---------------------------+-------+-------++-------
   Fire: Shortbow          |    53 |    81 ||   134
Ability: Spit Poison       |    25 |    25 ||    50
    Use: Potion            |     2 |       ||     2
         Scroll            |     1 |     7 ||     8
 Armour: Leather armour    |     1 |    12 ||    13
  Dodge: Dodged            |     6 |    18 ||    24

Table legend:
 A = Non-vault XP
 B = Vault XP
 C = Vault XP percentage of total XP
 D = Non-vault monster count
 E = Vault monster count
 F = Vault count percentage of total count
                 A         B        C        D         E       F
            +---------+---------+-------+---------+---------+-------
      Total |     315 |      73 |  18.8 |      60 |       4 |   6.2
            +---------+---------+-------+---------+---------+-------
        D:1 |      50 |       0 |   0.0 |      24 |       0 |   0.0
        D:2 |      33 |       0 |   0.0 |      17 |       0 |   0.0
        D:3 |     230 |      73 |  24.1 |      18 |       4 |  18.2
        D:4 |       2 |       0 |   0.0 |       1 |       0 |   0.0
            +---------+---------+-------+---------+---------+-------
